 Dungeon Crawl Stone Soup version 0.28-a0-1152-g9c71ebef14 (webtiles) character file.

Game seed: 3672567892752596603

3518 oldriver the Thaumaturge (level 9, 0/46 HPs)
             Began as a Deep Elf Conjurer on Dec 14, 2021.
             Slain by a scorpion (3 damage)
             ... on level 8 of the Dungeon.
             The game lasted 00:15:52 (8214 turns).

oldriver the Thaumaturge (Deep Elf Conjurer)        Turns: 8214, Time: 00:15:53

Health: 0/46       AC:  8    Str:  4    XL:     9   Next: 81%
Magic:  1/28       EV: 13    Int: 28    God:
Gold:   320        SH:  0    Dex: 13    Spells: 12/34 levels left

rFire   . . .      SeeInvis .   q - +3 flail (protect)
rCold   . . .      Faith    .   (no shield)
rNeg    . . .      Spirit   .   a - +0 robe
rPois   .          Reflect  .   (no helmet)
rElec   .          Harm     .   (no cloak)
rCorr   .          Rampage  .   (no gloves)
Will    .....                   b - +1 pair of boots
Stlth   +++.......              (no amulet)
HPRegen 0.15/turn               j - +4 ring of protection
MPRegen 0.21/turn               A - ring of wizardry

@: about to teleport, marked, invisible
A: no striking features
a: no special abilities


You were on level 8 of the Dungeon.
You visited 2 branches of the dungeon, and saw 11 of its levels.

You collected 320 gold pieces.

Inventory:

Hand Weapons
 q - a +3 flail of protection (weapon)
 y - a +3 dagger
Missiles
 o - a throwing net
Armour
 a - a +0 robe (worn)
 b - a +1 pair of boots (worn)
Magical Staves
 m - a staff of fire
 B - a staff of air
Jewellery
 j - a +4 ring of protection (left hand)
 v - a ring of flight
 w - a +4 ring of protection
 A - a ring of wizardry (right hand)
Wands
 C - a wand of iceblast (10)
Scrolls
 c - 2 scrolls of amnesia {unknown}
 e - a scroll of summoning
 g - a scroll of silence
 h - a scroll of magic mapping
 k - a scroll of enchant armour
 p - a scroll of teleportation
 r - a scroll of immolation {unknown}
 x - 2 scrolls of vulnerability
Potions
 f - 2 potions of attraction
 i - a potion of resistance
 l - a potion of cancellation
 n - a potion of haste
 s - 2 potions of curing
 t - a potion of ambrosia
 u - 3 potions of invisibility
 z - a potion of berserk rage {unknown}


   Skills:
 + Level 0.7 Fighting
 + Level 0.2 Maces & Flails
 + Level 4.6 Dodging
 + Level 4.4 Stealth
 * Level 13.0 Spellcasting
 + Level 9.1 Conjurations
 + Level 0.1 Hexes
 * Level 4.6 Translocations
 + Level 0.3 Transmutations
 + Level 0.4 Fire Magic
 + Level 1.1 Air Magic
 + Level 1.3 Poison Magic


You had 12 spell levels left.
You knew the following spells:

 Your Spells              Type           Power      Damage    Failure   Level
a - Magic Dart            Conj           100%       1d8       1%          1
b - Searing Ray           Conj           100%       2d8       1%          2
c - Iskenderun's Mystic   Conj/Tloc      54%        2d12      1%          4
d - Fulminant Prism       Conj/Hex       22%        3d13      1%          4
e - Blink                 Tloc           88%        N/A       1%          2
f - Summon Guardian Gole  Hex/Summ       18%        N/A       3%          3
g - Mephitic Cloud        Conj/Pois/Air  40%        N/A       1%          3
h - Ignite Poison         Fire/Tmut/Pois 22%        N/A       2%          3

Your spell library contained the following spells:

 Spells                   Type           Power      Damage    Failure   Level
 Summon Small Mammal      Summ           72%        N/A       1%          1
 Dazzling Flash           Conj/Hex       88%        N/A       1%          3
 Lesser Beckoning         Tloc           44%        N/A       1%          3
 Call Canine Familiar     Summ           18%        N/A       3%          3
 Manifold Assault         Tloc           44%        N/A       4%          5
 Freezing Cloud           Conj/Ice/Air   18%        6-21      9%          5
 Cause Fear               Hex            9%         N/A       11%         4
 Dragon Form              Tmut           9%         N/A       100%        7
 Dragon's Call            Summ           9%         N/A       100%        9


Dungeon Overview and Level Annotations

Branches:
Dungeon (10/15)            Temple (1/1) D:4            Lair (0/6) D:8
    Orc: D:9-12

Altars:
Ashenzari
Cheibriados
Dithmenos
Elyvilon
Hepliaklqana
Kikubaaqudgha
Nemelex Xobeh
Okawaru
Qazlal
Ru
Sif Muna
Vehumet
Wu Jian
Xom
Yredelemnul
Zin
The Shining One

Shops:
D:3 ?   D:4 =   D:8 (


Message History

The throwing net hits your fulminant prism.
The net is caught on your fulminant prism!
Your fulminant prism crackles loudly.
A scorpion comes into view.
The bullfrog hits you.
Your fulminant prism explodes!
The blast of energy engulfs the bullfrog!!
You kill the bullfrog!
Your Spellcasting skill increases to level 13!
Casting: Fulminant Prism (dangerous; 1% risk of failure)
Confirm with . or Enter, or press ? or * to list all spells.
You don't have enough magic to cast this spell.
Okay, then.
Okay, then.
Harold hits you from afar with a +0 glaive!
Casting: Fulminant Prism (dangerous; 1% risk of failure)
Confirm with . or Enter, or press ? or * to list all spells.
You erupt in a blast of force!
The mystic blast hits Harold!
Harold is almost dead.
Harold is knocked back by the mystic blast.
Harold collides with the scorpion!
The scorpion is moderately wounded.
Harold is almost dead.
A water moccasin comes into view.
Okay, then.
As you read the scroll of teleportation, it crumbles to dust.
You feel strangely unstable. Harold barely misses you.
You fade into invisibility!
The scorpion stings you.
Harold hits you from afar with a +0 glaive!
* * * LOW HITPOINT WARNING * * *
The scorpion misses you.
Unknown command.
You feel better.
Harold zaps a wand.
The mass of ice explodes!
The iceblast engulfs the scorpion!
The iceblast engulfs Harold!
Harold dies!
The iceblast engulfs you!
* * * LOW HITPOINT WARNING * * *
The scorpion stings you.
You die...

........#....# #....P...
..#.#.#....#.#####.P...PPP
..[........#........P..P..
...#...#..#########......
.#...#.(..# ###....
#..._...#S.# #....
..#...#.(..# #####
#...#..)#[.# ........s@.#
..#.#.#...## ../.....##
.......## #######


You could see a water moccasin and a scorpion.

Vanquished Creatures
  Prince Ribbit (D:7)
  Sigmund (D:2)
  A steam dragon (D:6)
  Edmund (D:5)
  Duvessa (D:6)
  2 water moccasins
  An ice beast (D:5)
  4 black bears
  2 ogres (D:6)
  A centaur (D:5)
  A phantom (D:4)
  2 bullfrogs (D:8)
  A scorpion (D:6)
  2 wyvern zombies
  Dowan (D:6)
  A killer bee (D:8)
  3 wights (D:7)
  2 orc priests
  3 jellies
  A gnoll shaman (D:6)
  6 hounds
  4 iguanas
  2 hound skeletons (D:4)
  A howler monkey skeleton (D:5)
  7 gnolls
  8 adders
  2 worms
  3 dart slugs
  10 orcs
  7 ball pythons
  4 endoplasms
  3 giant cockroaches
  5 goblins
  6 hobgoblins
  10 jackals
  3 quokkas
  15 bats
  3 frilled lizards
  6 kobolds
  4 rats
141 creatures vanquished.

Vanquished Creatures (collateral kills)
  A two-headed ogre (D:10)
1 creature vanquished.

Vanquished Creatures (others)
  Harold (D:8)
  5 fulminant prisms (D:8)
  35 fungi (D:8)
  34 plants (D:8)
75 creatures vanquished.

Grand Total: 217 creatures vanquished

Notes
Turn   | Place    | Note
-------+----------+-------------------------------------------
     0 | D:1      | oldriver the Deep Elf Conjurer began the quest for the Orb.
     0 | D:1      | Reached XP level 1. HP: 10/10 MP: 6/6
   262 | D:1      | Reached XP level 2. HP: 15/15 MP: 6/8
   338 | D:1      | Learned a level 2 spell: Searing Ray
   549 | D:1      | Reached skill level 5 in Conjurations
   866 | D:1      | Reached XP level 3. HP: 19/19 MP: 6/10
  1171 | D:2      | Reached skill level 4 in Spellcasting
  1345 | D:2      | Reached XP level 4. HP: 24/24 MP: 9/12
  1562 | D:2      | Found a faded altar of an unknown god.
  1659 | D:2      | Noticed Sigmund
  1666 | D:2      | Killed Sigmund
  1667 | D:2      | Reached skill level 5 in Spellcasting
  1667 | D:2      | Reached XP level 5. HP: 28/28 MP: 4/15
  2035 | D:3      | Found a stormy altar of Qazlal.
  2155 | D:3      | Reached XP level 6. HP: 32/32 MP: 9/16
  2371 | D:3      | Reached skill level 6 in Spellcasting
  2529 | D:3      | Found a shimmering blue altar of Sif Muna.
  2668 | D:3      | Found Quadev's Magic Scroll Shop.
  3016 | D:4      | Found a sacrificial altar of Ru.
  3246 | D:4      | Found a staircase to the Ecumenical Temple.
  3270 | Temple   | Entered the Ecumenical Temple
  3644 | D:4      | Reached skill level 7 in Spellcasting
  3717 | D:4      | Found a large runed translucent door.
  3718 | D:4      | Found a large runed translucent door.
  3902 | D:4      | Found an iron altar of Okawaru.
  3956 | D:4      | Reached XP level 7. HP: 36/36 MP: 12/20
  4232 | D:4      | Found a shimmering altar of Xom.
  4259 | D:4      | Found Hibasok's Jewellery Shoppe.
  4265 | D:4      | Reached skill level 8 in Spellcasting
  4486 | D:4      | Found a broken altar of Ashenzari.
  4500 | D:4      | Found a hazy altar of Hepliaklqana.
  4519 | D:5      | Entered Level 5 of the Dungeon
  4665 | D:4      | Learned a level 4 spell: Iskenderun's Mystic Blast
  4670 | D:4      | Learned a level 4 spell: Fulminant Prism
  4673 | D:4      | Learned a level 2 spell: Blink
  4726 | D:5      | Reached skill level 9 in Spellcasting
  5020 | D:5      | Reached XP level 8. HP: 36/41 MP: 13/23
  5173 | D:5      | Noticed Edmund
  5641 | D:5      | Learned a level 3 spell: Summon Guardian Golem
  5815 | D:5      | Killed Edmund
  5816 | D:5      | Reached skill level 10 in Spellcasting
  5816 | D:5      | Reached skill level 1 in Translocations
  6290 | D:6      | Noticed Duvessa
  6290 | D:6      | Noticed Dowan
  6295 | D:6      | Killed Duvessa
  6298 | D:6      | Killed Dowan
  6785 | D:6      | Reached skill level 11 in Spellcasting
  7278 | D:6      | Learned a level 3 spell: Mephitic Cloud
  7282 | D:6      | Learned a level 3 spell: Ignite Poison
  7333 | D:7      | Reached XP level 9. HP: 37/46 MP: 19/26
  7483 | D:7      | Noticed Prince Ribbit
  7487 | D:7      | Killed Prince Ribbit
  7539 | D:7      | Reached skill level 1 in Poison Magic
  7758 | D:7      | You fall into a shaft and drop 3 floors!
  7758 | D:10     | Entered Level 10 of the Dungeon
  7764 | D:10     | Noticed a two-headed ogre
  7770 | D:10     | Killed a two-headed ogre
  7771 | D:10     | Reached skill level 12 in Spellcasting
  7795 | D:8      | Found Roeseyp's Weapon Emporium.
  7826 | D:8      | Reached skill level 1 in Air Magic
  8141 | D:8      | Found a staircase to the Lair.
  8189 | D:8      | Found a radiant altar of Vehumet.
  8192 | D:8      | Noticed Harold
  8208 | D:8      | Reached skill level 13 in Spellcasting
  8213 | D:8      | HP: 1/46 [Harold (16)]
  8214 | D:8      | Killed Harold
  8214 | D:8      | Slain by a scorpion

Illustrated notes

Levels and vault maps discovered:
D:1:      minmay_arrival_checkered_box, layout_rooms, minmay_pentomino_w4
D:2:      layout_loops_ring, hellmonk_ecumenical_altar_inner_sanctum,
          uniq_sigmund
D:3:      layout_basic, mainiacjoe_overflow_surrounded_room,
          lemuel_doored_altar, serial_shops, shop, st_stairs_14,
          lemuel_another_geyser
D:4:      layout_rooms, jmf_multi_god_temple2,
          nicolae_ru_great_annihilating_truth, mainiacjoe_overflow_alcove_4,
          mainiacjoe_overflow_cross_hatched, minmay_temple_entry_offerings,
          serial_shops, kennysheep_little_box
D:5:      layout_rooms, uniq_edmund
D:6:      layout_loops_cross, uniq_duvessa
D:7:      layout_basic, sword_in_stone, uniq_prince_ribbit1
D:8:      layout_basic, nicolae_vehumet_radiance, minitemple,
          due_lair_maze_entry_diamond, serial_shops, shop_statue,
          nicolae_take_the_stairs, shop, uniq_harold
D:9:      gammafunk_indiana_jones, layout_cross, kennysheep_mini_moat,
          fedhas_altar_1, evilmike_minifort, uniq_psyche
D:10:     layout_stronghold, nicolae_uskayaw_murder_on_the_dancefloor,
          enter_bailey_3, nicolae_elevator_lobby_asterisk
Temple:   compressed_dpeg_triangle_lava_temple

Skill      XL: |  1  2  3  4  5  6  7  8  9 |
---------------+----------------------------+-----
Conjurations   | 5 6 7 8 9 |  9.1
Spellcasting   | 4 5 7 9 11 13 | 13.0
Dodging        | 3 4 |  4.6
Stealth        | 3 4 |  4.4
Translocations | 3 4 |  4.6
Poison Magic   | 1 |  1.3
Air Magic      | 1 |  1.1
Fighting       | |  0.7
Maces & Flails | |  0.2
Hexes          | |  0.1
Transmutations | |  0.3
Fire Magic     | |  0.4

Action                   |  1- 3 |  4- 6 |  7- 9 || total
-------------------------+-------+-------+-------++-------
Melee: Scythe            |       |     1 |       ||     1
       Flail             |       |       |    17 ||    17
 Cast: Magic Dart        |    60 |    77 |    86 ||   223
       Searing Ray       |     2 |    16 |    45 ||    63
       Iskenderun's Myst |       |       |    11 ||    11
       Blink             |       |       |     2 ||     2
       Fulminant Prism   |       |       |     5 ||     5
       Mephitic Cloud    |       |       |     4 ||     4
       Ignite Poison     |       |       |     3 ||     3
       Summon Guardian G |       |       |     2 ||     2
  Use: Scroll            |       |       |    15 ||    15
       Potion            |       |       |     3 ||     3
Armor: Robe              |     1 |     4 |    23 ||    28
Dodge: Dodged            |     5 |     5 |    61 ||    71

Table legend: (Time is in decaauts)
 A = Elapsed time spent in this place.
 B = Non-inter-level travel time spent in this place.
 C = Inter-level travel time spent in this place.
 D = Time resting spent in this place.
 E = Time spent auto-exploring this place.
 F = Levels seen in this place.
 G = Mean time per level.
                   A        B        C        D        E       F      G
               +--------+--------+--------+--------+--------+-----+--------+
         Total |   8221 |   8108 |    113 |   2511 |   4301 |  11 |  747.4 |
       Dungeon |   7868 |   7775 |     93 |   2511 |   3975 |  10 |  786.8 |
        Temple |    352 |    332 |     20 |      0 |    326 |   1 |  352.0 |
               +--------+--------+--------+--------+--------+-----+--------+

Top non-repeatable levels by time:
     D:4: 1737 daAuts
     D:6: 1241 daAuts
     D:2: 1094 daAuts
     D:5: 974 daAuts
     D:3: 969 daAuts
     D:1: 927 daAuts
     D:7: 470 daAuts
     D:8: 418 daAuts
  Temple: 352 daAuts
    D:10: 28 daAuts
     D:9: 7 daAuts
